 Dungeon Crawl Stone Soup version 0.29-a0-414-g5075937ec3 (webtiles) character file.

Game seed: 15432551540183237704

25 trckry the Ruffian (level 2, -2/28 (29) HPs)
             Began as a Troll Chaos Knight on May 15, 2022.
             Was a Plaything of Xom.
             Slain by Natasha (11 damage)
             ... on level 2 of the Dungeon.
             The game lasted 00:01:24 (507 turns).

trckry the Ruffian (Troll Chaos Knight)              Turns: 507, Time: 00:01:25

HP:   -2/28 (29)    AC:  6    Str: 19    XL:     2   Next: 82%
MP:   1/1           EV: 10    Int:  8    God:    Xom [..*...]
Gold: 91            SH:  0    Dex:  9    Spells: 1/1 levels left

rFire   . . .      SeeInvis .     - Unarmed
rCold   . . .      Faith    .   (no shield)
rNeg    . . .      Spirit   .   a - +2 robe
rPois   .          Reflect  .   (helmet restricted)
rElec   .          Harm     .   (no cloak)
rCorr   .          Rampage  .   (gloves unavailable)
Will    .....                   (boots unavailable)
Stlth   +.........              (no amulet)
HPRegen 0.89/turn               (no ring)
MPRegen 0.07/turn               (no ring)

@: slowed, lightly drained, very slow
A: large, unfitting armour, claws 3, regeneration 1, shaggy fur 1, tough skin 1
a: Renounce Religion


You were on level 2 of the Dungeon.
You worshipped Xom.
You were a toy of Xom.
You visited 1 branch of the dungeon, and saw 2 of its levels.

You collected 91 gold pieces.

Inventory:

Missiles
 h - 8 poisoned darts
Armour
 a - a +2 robe (worn)
Scrolls
 c - a scroll of enchant weapon {unknown}
 d - a scroll of brand weapon {unknown}
 g - a scroll of identify {unknown}
 i - 2 scrolls of enchant armour {unknown}
 j - a scroll of noise {unknown}
Potions
 e - a potion of curing {unknown}
 f - a potion of heal wounds {unknown}
Miscellaneous
 b - a piece from Xom's chessboard (14/15) (quivered)


   Skills:
 + Level 2.6 Fighting
 + Level 0.6 Armour
 + Level 2.0 Dodging
 * Level 3.3 Unarmed Combat
 + Level 0.4 Evocations


You had one spell level left.
You didn't know any spells.
Your spell library was empty.

Dungeon Overview and Level Annotations

Branches:
Dungeon (2/15)

Altars:

Shops:
D:1 [

Annotations:
D:1 2 transporters
D:2 Natasha


Innate Abilities, Weirdness & Mutations

You are too large for most types of armour.
You have claws for hands.
Your natural rate of healing is unusually fast.
You are covered in fur. (AC +1)
You have tough skin. (AC +1)


Message History

The bat hits you. The bat closely misses you.
The bat hits you but does no damage.
You scratch the bat.
You kill the bat!
Health restored: 28 No target in view!
Natasha, Servant of Life and Death comes into view.
Natasha stares at you and mumbles some strange words.
The magic dart hits you.
You take 5 damage, and have 23/28 hp.
Natasha is nearby!
Found a stone staircase leading up.
Natasha claws you!
You take 6 damage, and have 20/28 hp.
MASSIVE DAMAGE!!
You scratch Natasha but do no damage. Your claw misses Natasha.
Natasha mumbles some strange words.
You feel disoriented. Natasha casts a spell at you. The magic dart hits you.
You take 2 damage, and have 18/28 hp.
You scratch Natasha.
Natasha is lightly wounded.
Natasha claws you.
You take 4 damage, and have 14/28 hp.
You closely miss Natasha.
Natasha is lightly wounded.
Natasha casts a spell at you.
You feel yourself slow down.
You barely miss Natasha.
Natasha is lightly wounded.
A ball python comes into view.
Natasha claws you!
* * * LOW HITPOINT WARNING * * *
The ball python moves out of view.
You take 7 damage, and have 8/28 hp.
MASSIVE DAMAGE!!
You make a move on Xom's chessboard...
Natasha seems to grow stronger.
Natasha claws you!
You die...
Xom giggles madly!

##..#......#
...[.......# .
.###.......# .. .
## #.......# #..
#.######.......#
...$..............#
. .............####
....#.####......#
........@.......#
....#$###h.)....# #
.. ##......# #..
........# ...
.......#.# ..
......##...# .
....... #...
....##< #..#


You could see Natasha (strong).

Vanquished Creatures
  2 ball pythons (D:1)
  4 bats
  3 endoplasms
  3 goblins
  A hobgoblin (D:1)
  3 kobolds (D:2)
  A quokka (D:1)
  A frilled lizard (D:1)
  3 rats
21 creatures vanquished.

Notes
Turn   | Place    | Note
-------+----------+-------------------------------------------
     0 | D:1      | trckry the Troll Chaos Knight began the quest for the Orb.
     0 | D:1      | Reached XP level 1. HP: 22/22 MP: 0/0
    97 | D:1      | Reached XP level 2. HP: 29/29 MP: 1/1
   180 | D:1      | Found a faded altar of an unknown god.
   262 | D:1      | XOM: silly message
   296 | D:1      | Found Ytykue's Armour Shoppe.
   310 | D:1      | XOM: silly message
   497 | D:2      | Noticed Natasha
   507 | D:2      | Slain by Natasha

Illustrated notes

Levels and vault maps discovered:
D:1:      spicycebolla_arrival_transporter_tutorial, layout_rooms,
          shapermc_ecumenical_altar_notcrosses, serial_shops, shop
D:2:      layout_rooms, uniq_natasha, uniq_jessica

Skill      XL: |  1 |
---------------+----+-----
Dodging        | 2 |  2.0
Fighting       | |  2.6
Armour         | |  0.6
Unarmed Combat | |  3.3
Evocations     | |  0.4

Action                   || total
-------------------------++-------
Melee: Unarmed           ||    64
       Punch             ||     1
Evoke: Piece from Xom's  ||     1
Armor: Robe              ||    35
Dodge: Dodged            ||    30

Table legend: (Time is in decaauts)
 A = Elapsed time spent in this place.
 B = Non-inter-level travel time spent in this place.
 C = Inter-level travel time spent in this place.
 D = Time resting spent in this place.
 E = Time spent auto-exploring this place.
 F = Levels seen in this place.
 G = Mean time per level.
                   A        B        C        D        E       F      G
               +--------+--------+--------+--------+--------+-----+--------+
         Total |    504 |    491 |     13 |      0 |    324 |   2 |  252.0 |
       Dungeon |    504 |    491 |     13 |      0 |    324 |   2 |  252.0 |
               +--------+--------+--------+--------+--------+-----+--------+

Top non-repeatable levels by time:
     D:1: 446 daAuts
     D:2: 57 daAuts
